Cogmind - Beta 16.1 @@@ ROGUE MODE // 2026.03.08 @ 20:14:37 Player: MrFartsburg Result: Destroyed by G-47 Trooper with Particle Gun Performance ------------- Evolutions (2) 1000 Regions Visited (3) 600 Robots Destroyed (17) 85 Value Destroyed (632) 632 Prototype IDs (1) 20 Alien Tech Used (0) 0 Bonus (0) 0 TOTAL SCORE: 2337 Bonus ------- None Cogmind --------- Core Integrity 0/550 Matter 31/300 Energy 100/100 System Corruption 0% Temperature Cool (9) Movement Core (1350) Ox26 Location -8/Materials Parts ------- > --- POWER (2) -------- (None) > --- PROPULSION (4) --- (None) > --- UTILITY (3) ------ Huge Storage Unit Improved Targeting Computer > --- WEAPON (2) ------- (None) > --- INVENTORY (25) --- ECM Suite Medium Laser Small Laser Small Laser Particle Cannon Minigun Minigun Peak State ------------ > --- POWER ------------ (None) > --- PROPULSION ------- Improved Aluminum Leg Improved Aluminum Leg Improved Aluminum Leg Carbon-fiber Leg > --- UTILITY ---------- Improved Heat Sink Huge Storage Unit Improved Targeting Computer > --- WEAPON ----------- Heavy Assault Rifle Improved Light Cannon > --- INVENTORY -------- Medium Laser Small Laser Small Laser Particle Cannon Grenade Launcher Mini Grenade Launcher [Rating: 19] Favorites ----------- Power Ion Engine Engine Ion Engine Power Core Light Nuclear Core Propulsion Improved Aluminum Leg Leg Improved Aluminum Leg Wheel Wheel Hover Unit Airjet Utility Huge Storage Unit Device Improved Heat Sink Storage Huge Storage Unit Processor Improved Targeting Computer Protection Hardened Light Armor Plating Weapon Particle Gun Energy Gun Particle Gun Ballistic Gun Heavy Assault Rifle Ballistic Cannon Improved Light Cannon Launcher Grenade Launcher Build | -11 -10 -9 -8 ------- Run | Yrd Mat Mat Mat Slots Evolved 4 | . . 2 2 Power 1 | . . 1 . Propulsion 2 | . . 1 1 Utility 1 | . . . 1 Weapon . | . . . . Parts Attached 27 | 5 10 8 4 Power 4 | . 2 2 . Engine 3 | . 1 2 . Core 1 | . 1 . . Reactor . | . . . . Propulsion 10 | 2 4 2 2 Treads . | . . . . Leg 7 | 2 2 2 1 Wheel 2 | . 2 . . Hover 1 | . . . 1 Flight . | . . . . Utility 6 | 1 2 1 2 Device 1 | . . . 1 Storage 2 | 1 1 . . Processor 1 | . . . 1 Hackware . | . . . . Protection 2 | . 1 1 . Artifact . | . . . . Weapon 7 | 2 2 3 . Energy Gun 3 | 2 1 . . Energy Cannon . | . . . . Ballistic Gun 1 | . . 1 . Ballistic Cannon 1 | . . 1 . Launcher 2 | . 1 1 . Special Weapon . | . . . . Impact Weapon . | . . . . Slashing Weapon . | . . . . Piercing Weapon . | . . . . Special Melee Weapon . | . . . . Unidentified Prototypes 1 | . . . 1 Parts Lost 15 | . . 5 10 Power 3 | . . 3 . Propulsion 6 | . . . 6 Utility 3 | . . 2 1 Weapon 3 | . . . 3 Highest Loss Streak 5 | . . 2 5 To Critical Strikes . | . . . . Average Backups 7 | 2 6 8 5 Power . | . 1 . . Propulsion . | . 2 . . Utility 1 | . . 1 . Weapon 4 | . 2 6 5 Tool/Special . | . . . . Unused Backups 4 | . 2 . 2 Power 1 | . 1 . . Propulsion 1 | . 1 . . Utility . | . . . . Weapon 2 | . . . 2 Tool/Special . | . . . . Average Slot Usage (%) 89 | . 89 98 58 Engine 11 | . 2 18 . Core 3 | . 11 2 . Leg 25 | . 15 32 13 Wheel 2 | . 11 . . Device 1 | . . . 7 Storage 11 | . 14 11 9 Processor 1 | . . . 9 Protection 7 | . 4 10 . Energy Gun 9 | . 15 10 . Ballistic Gun 2 | . . 1 5 Ballistic Cannon 4 | . . 7 1 Launcher 5 | . 12 2 8 Peak Build Rating 19 | 5 13 18 19 Average Rating 14 | 4 9 16 14 On Entrance 7 | . 5 13 11 Avg Prop Armor Cover (%) 11 | . . . 11 Naked Turns . | . . . . Heaviest Build 104 | 7 96 104 88 Greatest Support 54 | 20 26 39 54 Greatest Overweight (x) 27 | . 6 2 27 Average Overweight (x) 2 | . 1 2 7 Largest Inventory Capacity 25 | 8 25 25 25 Average Capacity 22 | 7 18 25 25 Most Carried 10 | 5 9 10 7 Average Carried 7 | 2 6 8 5 Final Capacity 25 | 8 25 25 25 Final Carried 8 | 5 7 8 7 Class Distribution -------------------- 100% | Mutant Dominant Class ---------------- Mutant | -10/Materials Mutant | -9/Materials Mutant | -8/Materials Resources | -11 -10 -9 -8 ----------- Run | Yrd Mat Mat Mat Matter Collected 591 | 177 193 221 . Remotely . | . . . . Salvage Created 536 | . 23 328 185 Parts 33 | . 3 21 9 Haulers Intercepted . | . . . . Recyclers Shooed . | . . . . Parts Field Recycled . | . . . . Retrieved Matter . | . . . . Parts Self-Destructed . | . . . . Prevented . | . . . . Parts Restored . | . . . . Kills | -11 -10 -9 -8 ------- Run | Yrd Mat Mat Mat Combat Hostiles Destroyed 15 | . . 10 5 Guns 8 | . . 7 1 Cannons 2 | . . 2 . AOE 5 | . . 1 4 Classes Destroyed 6 | . 1 3 2 Worker 1 | . 1 . . Builder 1 | . . . 1 Swarmer 3 | . . 3 . Grunt 8 | . . 5 3 Duelist 1 | . . . 1 Sentry 3 | . . 2 1 Best Kill Streak 6 | . 1 6 5 Combat Bots Only 6 | . . 6 4 Max Kills in Single Turn 2 | . 1 1 2 Gunslinging . | . . . . Exploded 2 | . . 1 2 Melee . | . . . . Uniques/NPCs Destroyed . | . . . . Combat | -11 -10 -9 -8 -------- Run | Yrd Mat Mat Mat Hostile Shots Fired 187 | . . 112 75 Missed 53 | . . 34 19 Hits 134 | . . 78 56 Melee 3 | . . . 3 Projectile 131 | . . 78 53 Critical Strikes 5 | . . 3 2 Damage Taken 2123 | . 6 910 1207 Core 680 | . . 128 552 Absorbed by Shields . | . . . . Core Remaining (%) 89 | 100 100 68 . Volleys Fired 49 | . 2 38 9 Largest 2 | . 1 2 2 Hottest 105 | . 40 105 63 Shots Fired 89 | . 2 73 14 Gun 59 | . 2 53 4 Cannon 15 | . . 14 1 Launcher 15 | . . 6 9 Special . | . . . . Kinetic 37 | . . 32 5 Thermal 37 | . 2 35 . Explosive 15 | . . 6 9 Electromagnetic . | . . . . Robot Hit Streak 6 | . 1 6 5 Robot Miss Streak 8 | . 1 8 1 Penetration Max . | . . . . Secondary Targets . | . . . . Shots Hit Robots 40 | . 1 31 8 Core Hits 32 | . 1 15 16 Critical Kills . | . . . . Critical Parts Destroyed 1 | . . 1 . Critical Strikes 3 | . . 3 . Burn 2 | . . 2 . Destroy 1 | . . 1 . Melee Attacks . | . . . . Impact . | . . . . Slashing . | . . . . Piercing . | . . . . Sneak Attacks . | . . . . Combat Hostiles . | . . . . Follow-up Attacks . | . . . . Damage Inflicted 1187 | . 25 535 627 Guns 447 | . 12 385 50 Cannons 62 | . . 62 . Explosions 659 | . . 82 577 Melee . | . . . . Ramming 19 | . 13 6 . Kinetic 255 | . . 205 50 Thermal 254 | . 12 242 . Explosive 628 | . . 82 546 Electromagnetic 31 | . . . 31 Impact . | . . . . Slashing . | . . . . Piercing . | . . . . Highest Corruption . | . . . . Average Corruption . | . . . . Corruption Purged . | . . . . Corruption Blocked . | . . . . Overload Shots . | . . . . Overflow Damage 79 | . . . 79 Projectiles . | . . . . Explosions 79 | . . . 79 Melee . | . . . . Knockbacks . | . . . . Impact . | . . . . Kinetic . | . . . . Secondary . | . . . . Self-Inflicted Damage 300 | . 6 . 294 Shots 6 | . . . 6 Rammed 1 | . 1 . . Targets Rammed 2 | . 1 1 . Kicked 1 | . . 1 . Crushed . | . . . . Highest Temperature 564 | . . 564 . Average Temperature 225 | . . 225 . Received Heat Transfer 927 | . . 441 486 Effects 31 | . . 31 . Shutdowns 10 | . . 10 . Energy Bleed 2 | . . 2 . Interference 7 | . . 7 . Matter Decay 2 | . . 2 . Short Circuit 3 | . . 3 . Damage (minor) 1 | . . 1 . Damage (major) 6 | . . 6 . Siege Activations . | . . . . Martial Activations . | . . . . Shielding Activations . | . . . . Robots Disrupted 1 | . . . 1 Combat Hostiles 1 | . . . 1 Robots Corrupted . | . . . . Combat Hostiles . | . . . . Parts Fried . | . . . . Impact Corruptions . | . . . . Robots Melted . | . . . . Combat Hostiles . | . . . . Parts Melted 1 | . . 1 . Heat Transferred 765 | . 25 740 . Parts Sabotaged . | . . . . Parts Stolen . | . . . . Parts Stripped . | . . . . Power Chain Reactions . | . . . . Alert | -11 -10 -9 -8 ------- Run | Yrd Mat Mat Mat Maximum Alert Level 1 | . . . 1 Low Security (%) 94 | 100 100 100 65 Level 1 5 | . . . 34 Level 2 . | . . . . Level 3 . | . . . . Level 4 . | . . . . Level 5 . | . . . . High Security . | . . . . Max Security . | . . . . Peak Influence 234 | . 5 103 234 Initial 32 | . . . 32 Average 39 | . . 24 144 Influence Increases 611 | . 5 324 282 Destroy 0b10 Robot/C 300 | . . 200 100 Destroy 0b10 Robot/NC 10 | . 5 . 5 Destroy Leader 70 | . . 50 20 Successful Hack 9 | . . 9 . Disable Machine 135 | . . 30 105 Destroy Structure 87 | . . 35 52 Influence Decreases 507 | . 5 247 255 Entered New Map 45 | . . . 45 Time Decay 312 | . 5 197 110 Lost Part 150 | . . 50 100 Squads Dispatched 4 | . 2 1 1 Investigation 1 | . 1 . . Extermination . | . . . . Reinforcement 3 | . 1 1 1 Assault . | . . . . Garrison . | . . . . Intercept . | . . . . Searches Triggered . | . . . . Construction Impeded . | . . . . Haulers Reinforced . | . . . . Active Scanning Responses . | . . . . Cargo Convoy Interrupts . | . . . . Stealth | -11 -10 -9 -8 --------- Run | Yrd Mat Mat Mat Distress Signals . | . . . . Communications Jammed . | . . . . Distress Signals . | . . . . Times Spotted 31 | . 4 16 11 Peak Tracking Total 7 | . 3 7 5 Tactical Retreats . | . . . . Traps | -11 -10 -9 -8 ------- Run | Yrd Mat Mat Mat Traps Triggered 1 | . 1 . . Indirectly . | . . . . Trap Hack Attempts . | . . . . Triggered . | . . . . Disarmed . | . . . . Reprogrammed . | . . . . Reused . | . . . . Traps Extracted . | . . . . Installed . | . . . . Triggered . | . . . . Machines | -11 -10 -9 -8 ---------- Run | Yrd Mat Mat Mat Machines Disabled 9 | . . 2 7 Max in Single Turn 3 | . . 2 3 Machines Repaired . | . . . . Machines Dismantled . | . . . . Machines Sabotaged . | . . . . Overloaded Fab Kills . | . . . . Hacking | -11 -10 -9 -8 --------- Run | Yrd Mat Mat Mat Machines Accessed 1 | . . 1 . Terminals 1 | . . 1 . Fabricators . | . . . . Repair Stations . | . . . . Recycling Units . | . . . . Scanalyzers . | . . . . Garrison Access . | . . . . Total Hacks 3 | . . 3 . Successful 3 | . . 3 . Failed . | . . . . Catastrophic . | . . . . Database Lockouts . | . . . . Manual . | . . . . Terminals 3 | . . 3 . Fabricators . | . . . . Repair Stations . | . . . . Recycling Units . | . . . . Scanalyzers . | . . . . Garrison Access . | . . . . Terminal Hacks 3 | . . 3 . Emergency Access Points 1 | . . 1 . Alert Level 1 | . . 1 . Zone Layout 1 | . . 1 . Fabricator Hacks . | . . . . Repair Station Hacks . | . . . . Recycling Unit Hacks . | . . . . Scanalyzer . | . . . . Garrison Access Hacks . | . . . . Unauthorized Hacks . | . . . . Terminals . | . . . . Fabricators . | . . . . Repair Stations . | . . . . Recycling Units . | . . . . Scanalyzers . | . . . . Garrison Access . | . . . . Data Cores Recovered . | . . . . Used . | . . . . Hacking Detections . | . . . . Full Trace Events . | . . . . Feedback Events . | . . . . Feedback Blocked . | . . . . Robot Schematics Acquired . | . . . . Robots Built . | . . . . Authchips . | . . . . Time . | . . . . Total Robot Build Rating . | . . . . Part Schematics Acquired . | . . . . Parts Built . | . . . . Authchips . | . . . . Time . | . . . . Total Part Build Rating . | . . . . Part Studies Acquired . | . . . . Parts Repaired . | . . . . Time . | . . . . Parts Recycled . | . . . . Recycled Matter . | . . . . Retrieved Matter . | . . . . Retrieved Components . | . . . . Parts Scanalyzed . | . . . . Part Schematics Acquired . | . . . . Parts Damaged . | . . . . Bothacking | -11 -10 -9 -8 ------------ Run | Yrd Mat Mat Mat Used RIF Installer . | . . . . Robots Hacked . | . . . . Non-combat . | . . . . Combat . | . . . . Robot Hacks Applied . | . . . . Relay Couplers Released . | . . . . Fabnet Peak Effective % . | . . . . Robots Rewired . | . . . . Allies Hacked . | . . . . Hacks Repelled . | . . . . Allies | -11 -10 -9 -8 -------- Run | Yrd Mat Mat Mat Total Allies . | . . . . Largest Group . | . . . . Highest-Rated Group . | . . . . Highest-Rated Ally . | . . . . Total Orders . | . . . . Ally Attacks . | . . . . Total Damage . | . . . . Kills . | . . . . Allies Corrupted . | . . . . Allies Melted . | . . . . Intel | -11 -10 -9 -8 ------- Run | Yrd Mat Mat Mat Active Infowar (turns) . | . . . . Robot Analysis Total . | . . . . Derelict Logs Recovered . | . . . . Drone Launches . | . . . . Drone Recoveries . | . . . . Exploration | -11 -10 -9 -8 ------------- Run | Yrd Mat Mat Mat Turns Passed 1342 | 68 254 791 229 Spaces Moved 468 | 51 138 243 36 Core 13 | 10 . . 3 Treads . | . . . . Legs 354 | 41 51 243 19 Wheels 87 | . 87 . . Hover 14 | . . . 14 Flight . | . . . . Fastest Speed 50 | 50 90 260 190 Average Speed 234 | 106 157 260 536 Slowest Speed 1400 | 120 540 260 1400 Overloaded Moves . | . . . . Propulsion Burnouts . | . . . . Robots Hopped . | . . . . Potential Cave-ins . | . . . . Cave-ins Triggered . | . . . . Exploration Rate (%) 16 | 3 27 22 12 Regions Visited 3 Branch Regions . Pre-discovered Areas . | . . . . Known Exits Taken . | . . . . Unknown Exits Taken 3 | 1 1 1 . Scrap Searched . | . . . . Spaces Dug 8 | . . . 8 Terrain Destroyed 107 | . . 38 69 Melee . | . . . . Projectile 3 | . . 2 1 AOE 104 | . . 36 68 Terrain Rammed . | . . . . Walls Destroyed . | . . . . Machines Disabled . | . . . . Actions | -11 -10 -9 -8 --------- Run | Yrd Mat Mat Mat Total 633 | 65 174 327 67 Wait 32 | . 3 23 6 Move 465 | 50 137 242 36 Hop . | . . . . Pick Up 36 | 10 12 8 6 Fast Attach . | . . . . Attach 21 | 5 3 6 7 Detach . | . . . . Swap 18 | . 9 6 3 Drop 10 | . 7 3 . Fire 49 | . 2 38 9 Melee . | . . . . Ram 1 | . 1 . . Kick 1 | . . 1 . Crush . | . . . . Escape Stasis . | . . . . Rewire . | . . . . Trap . | . . . . Miscellaneous . | . . . . Route ------- -11/Scrapyard -10/Materials (discovered 2 exits: *Mat / [*Min]) -9/Materials -8/Materials History --------- Turn | Location | Event 11 | -11/Scrapyard | Discovered new exit (range 16) 69 | -11/Scrapyard | Entered Materials 70 | -10/Materials | Met a group of wandering Federalists 120 | -10/Materials | Discovered new exit (range 16) 273 | -10/Materials | Discovered new exit (range 15) 308 | -10/Materials | Build established: Mutant 323 | -10/Materials | Entered another Materials area 323 | -9/Materials | Evolved 2 slots: Power x1, Propulsion x1 1025 | -9/Materials | Discovered new exit (range 16) 1114 | -9/Materials | Entered another Materials area 1114 | -8/Materials | Evolved 2 slots: Propulsion x1, Utility x1 1204 | -8/Materials | Lost 3 parts (3n) 1320 | -8/Materials | Core integrity fell below 50% 1332 | -8/Materials | Core integrity fell below 20% 1343 | -8/Materials | Destroyed by G-47 Trooper with Particle Gun Last Messages --------------- reinforcements to Terminal M011. U-05 Engineer lays Concrete. K-01 Serf collects debris. Acquired ECM Suite. K-01 Serf collects debris. Acquired Minigun. K-01 Serf collects debris. Acquired Minigun. K-01 Serf collects debris. Airjet destroyed. Carbon-fiber Leg destroyed. Critical hit (Burn: +37). Mni. Grenade Launcher destroyed. Imp. Heat Sink destroyed. Hvy. Assault Rifle destroyed. K-01 Serf collects debris. K-01 Serf destroyed. R-06 Scavenger collects Lgt. Ion Engine. R-06 Scavenger suffers critical hit (Burn). R-06 Scavenger collects Wheel. Map ----- +----------------------------------------------------+ | ????????????????????????????????????# ?##?????? | | ????????????????????????????????????# ## ####?? | | ????????????????????????????????????# = # ### | | ?????????????????????????????? ##### % # | | ????????????????????????????# [ # | | ????????????????????????????# # | | ????????????????????????????? + | | ????????????????????????????# # | | ????????????????????????????# # | | ????????????????????????????# " """ # % | | ????????????????????????????# """ """ # / ! | | ????????????????????????????# """ "" # / | | ??????????????????????? ????# """ " # # | | ??????????????????????? "???# "" # = | | ????????????????????""? ""??# """ % # | | ????????????????????"""? S??# "" # | | ????????????????????? ??# "" # | | ??????????????????????? ??#t # | | ???????????????##########+### % # | | ??????????????a gr ## | | ???????????? ## | | ??????????? T """ g ## | | ??????????? """ ! #### | | ?????????? """ g != | | ??????????" m | | ???????????" @ | | ???????????" ############ #######+## | | ???????????" ### ???????????# #????????? | | ??????????? ??????# ????????????# #????????? | | ?????????????????????# ????????????# #????????? | | ?????????????????????# ?????????????? #????????? | | ?????????????????????# ?????????????? #????????? | | ?????????????????????#??????????????? #????????? | | ?????????????????????????????????????????????????? | | ?????????????????????????????????????????????????? | | ?????????????????????????????????????????????????? | | ?????????????????????????????????????????????????? | | ?????????????????????????????????????????????????? | | ?????????????????????????????????????????????????? | | ?????????????????????????????????????????????????? | | ?????????????????????????????????????????????????? | | ?????????????????????????????????????????????????? | | ?????????????????????????????????????????????????? | | ?????????????????????????????????????????????????? | | ?????????????????????????????????????????????????? | | ?????????????????????????????????????????????????? | | ?????????????????????????????????????????????????? | | ?????????????????????????????????????????????????? | | ?????????????????????????????????????????????????? | | ?????????????????????????????????????????????????? | +----------------------------------------------------+ Best States ------------- Heat Dissipation 45 Energy Generation 19 Energy Capacity 415 Matter Stores 300 Matter Capacity 300 Sight Range 16 Terrain Scan Density 10 Armor Coverage 150 Evasion (%) 55 Targeting Accuracy 6 Item Schematics ----------------- None Robot Schematics ------------------ None Fabricated ------------ Nothing Repaired ---------- Nothing Studied --------- None Alien Tech Used ----------------- None Achievements -------------- None Challenges ------------ None Game ------ Seed SmartDisintegrationSteel Manual? 0 Play Time 00:20:49 Cumulative 21.8 hours Start 2026.03.08 @ 19:52:43 End 2026.03.08 @ 20:14:37 Sessions 1 Manual Loads 0 Difficulty Rogue Special Mode None Game No. 40 Rogue 40 Adventurer 0 Explorer 0 Win Type - Total 0 Types 0/0/0/0/0/0/0/0/0/0 Lore% 10 Gallery% 19 Achievement% 13 Wizard Run 0 Options --------- Layout 1 ASCII 0 Keyboard 0 Movement Numpad Keybinds 0 Fullscreen 1 Font 32/SmallcapsGlow Map View 50x35 Zoom Use 0% Tactical HUD 0 Map Filters NONE Filters NONE Steam 1 RUN: 963feec4-3cd0-4d1c-b240-a1760e262b72